 Dungeon Crawl Stone Soup version 0.31-a0-1300-gb6740aa4e6 (webtiles) character file.

Game seed: 8802181622777701619

226 croobank the Chopper (level 6, -3/56 HPs)
             Began as a Hill Orc Monk on Dec 19, 2023.
             Slain by a black bear (9 damage)
             ... on level 4 of the Dungeon.
             The game lasted 00:07:43 (3871 turns).

croobank the Chopper (Hill Orc Monk)                Turns: 3871, Time: 00:07:44

Health: -3/56      AC:  2    Str: 16    XL:     6   Next: 1%
Magic:  6/6        EV: 13    Int: 16    God:
Gold:   162        SH:  0    Dex: 13    Spells: 5/5 levels left

rFire   . . .        h - +0 short sword (speed)
rCold   . . .        d - orb {light}
rNeg    . . .        b - +0 robe
rPois   .            (helmet currently unavailable)
rElec   .            (cloak currently unavailable)
rCorr   .            (gloves currently unavailable)
SInv    .            (boots currently unavailable)
Will    .....        (no amulet)
Stlth   +            n - +4 ring of slaying
HPRegen 0.29/turn    p - +6 ring of intelligence
MPRegen 0.10/turn

%: no passive effects
@: confused, beast-form, ambrosia-drunk, glowing
A: beast (slay +1)
a: Begin Untransformation


You were on level 4 of the Dungeon.
You were a hulking beast.
You visited 1 branch of the dungeon, and saw 4 of its levels.

You collected 162 gold pieces.

Inventory:

Hand Weapons
 a - a +0 hand axe
 h - a +0 short sword of speed (weapon)
Missiles
 m - 3 throwing nets
 u - 7 poisoned darts
Armour
 b - a +0 robe (worn)
 d - an orb of light (worn)
 k - a +0 ring mail
 q - a +0 helmet
Magical Staves
 v - a staff of fire
Jewellery
 n - a +4 ring of slaying (left hand)
 p - a +6 ring of intelligence (right hand)
 x - a ring of protection from cold
Talismans
 g - a beast talisman (active)
Scrolls
 e - 3 scrolls of identify
 f - a scroll of silence {unknown}
 i - 2 scrolls of enchant weapon {unknown}
 r - a scroll of fear {unknown}
 s - 2 scrolls of teleportation {unknown}
 t - a scroll of blinking {unknown}
 w - a scroll of immolation {unknown}
Potions
 j - 2 potions of attraction
 l - a potion of magic
 o - 2 potions of enlightenment


   Skills:
 + Level 5.0 Fighting
 + Level 5.6 Axes
 + Level 3.4 Dodging
 + Level 1.9 Shapeshifting


You had 5 spell levels left.
You didn't know any spells.
Your spell library contained the following spells:

 Spells                   Type           Power      Damage    Failure   Level
 Blink                    Tloc           0%         N/A       36%         2
 Lesser Beckoning         Tloc           0%         N/A       36%         2
 Momentum Strike          Conj/Tloc      0%         3d8       36%         2


Dungeon Overview and Level Annotations

Branches:
Dungeon (4/15)
 Temple: D:4-7

Altars:
Sif Muna


Message History

The black bear is moderately wounded.
You feel sick. The black bear misses you. The black bear claws you.
The black bear misses you.
You hit the black bear.
The black bear is heavily wounded.
You feel sick.
You puncture the black bear!
The black bear is almost dead.
You feel sick. The black bear misses you. The black bear closely misses you.
The black bear claws you but does no damage.
You barely miss the black bear.
The black bear is severely wounded.
You feel sick.
The black bear goes berserk!
You hit the black bear.
The black bear is almost dead.
You feel sick. The black bear bites you. The black bear claws you. x2
You barely miss the black bear.
The black bear is almost dead.
The black bear misses you. The black bear claws you.
* * * LOW HITPOINT WARNING * * *
The black bear claws you.
* * * LOW HITPOINT WARNING * * *
You are confused.
You feel invigorated.
You feel sick. The black bear misses you. x2
The black bear closely misses you.
You bump into the rock wall.
You feel sick. The black bear bites you.
* * * LOW HITPOINT WARNING * * *
The black bear misses you. The black bear barely misses you.
The black bear bites you!
* * * LOW HITPOINT WARNING * * *
The black bear closely misses you. The black bear claws you.
* * * LOW HITPOINT WARNING * * *
You are too confused!
Okay, then.
You closely miss the black bear.
The black bear is almost dead.
You feel sick.
You are no longer poisoned.
The black bear bites you!
You die...

#.........#.#######
#.........#.#
#######..[......#.#
..............#.#.#
..............#.#.#
.............##.#.#
.......hS.....#.#.#
.......#h#......#.#
.......#h####.###
.......#.......#
.......##......#
....... .####.#
....... .# .# .# ..


You could see a black bear (berserk), a hound and an adder.

Vanquished Creatures
  9 gnolls
  6 adders
  A worm (D:2)
  2 dart slugs
  2 orcs (D:3)
  11 ball pythons
  8 bats
  9 endoplasms
  2 giant cockroaches (D:2)
  8 hobgoblins
  2 quokkas
  3 frilled lizards
  5 goblins
  4 kobolds
  11 rats
83 creatures vanquished.

Notes
Turn   | Place    | Note
-------+----------+-------------------------------------------
     0 | D:1      | croobank the Hill Orc Monk began the quest for the Orb.
     0 | D:1      | Reached XP level 1. HP: 19/19 MP: 1/1
   205 | D:1      | Reached XP level 2. HP: 27/27 MP: 2/2
   663 | D:1      | Reached XP level 3. HP: 33/33 MP: 3/3
  1668 | D:2      | Reached XP level 4. HP: 24/41 MP: 4/4
  1740 | D:2      | Reached skill level 1 in Shapeshifting
  1815 | D:2      | Found a shimmering blue altar of Sif Muna.
  1923 | D:2      | Reached skill level 5 in Axes
  2233 | D:1      | Reached XP level 5. HP: 37/47 MP: 5/5
  3739 | D:3      | Reached skill level 5 in Fighting
  3823 | D:3      | Reached XP level 6. HP: 53/56 MP: 6/6
  3853 | D:4      | Noticed a black bear
  3871 | D:4      | Slain by a black bear

Illustrated notes

Levels and vault maps discovered:
D:1:      elethiomel_arrival_quiet, layout_basic, minmay_misc_feat_encased
D:2:      layout_basic, basic_altar
D:3:      layout_basic, minmay_quadrilaterals
D:4:      layout_basic

Skill      XL: |  1  2  3  4  5 |
---------------+----------------+-----
Fighting       | 4 5 |  5.0
Shapeshifting  | 1 |  1.9
Dodging        | 3 |  3.4
Axes           | 5 |  5.6

Action                     |  1- 3 |  4- 6 || total
---------------------------+-------+-------++-------
  Melee: Hand axe          |    32 |       ||    32
         Short sword       |    94 |   122 ||   216
    Use: Potion            |     3 |     1 ||     4
         Scroll            |     1 |     1 ||     2
 Armour: Robe              |    47 |    65 ||   112
  Dodge: Dodged            |    62 |    94 ||   156
   Form: Beast             |     1 |       ||     1

Table legend: (Time is in decaauts)
 A = Elapsed time spent in this place.
 B = Non-inter-level travel time spent in this place.
 C = Inter-level travel time spent in this place.
 D = Time resting spent in this place.
 E = Time spent auto-exploring this place.
 F = Levels seen in this place.
 G = Mean time per level.
                   A        B        C        D        E       F      G
               +--------+--------+--------+--------+--------+-----+--------+
         Total |   3806 |   3600 |    206 |    566 |   2414 |   4 |  951.5 |
       Dungeon |   3806 |   3600 |    206 |    566 |   2414 |   4 |  951.5 |
               +--------+--------+--------+--------+--------+-----+--------+

Top non-repeatable levels by time:
     D:1: 1387 daAuts
     D:2: 1275 daAuts
     D:3: 1080 daAuts
     D:4: 63 daAuts
